Map: Ascension to Aiur LE

Players

ThinkFaster

  • Race: Terran Terran
  • League: Diamond
  • Spawn Location: 11:00

Adapt - Winner!

  • Race: Zerg Zerg
  • League: Diamond
  • Spawn Location: 5:00

VOD

Have the link to the VOD?

Description

queen ling bane hydra nydus swarm host bane drops vs tank hellion cyclone Ascension to Aiur LE (657)

Time

  • Played on: Nov. 15, 2017, 11:01 p.m.
  • Length: 24:37
Show
View Real Time Build Order
Export as new Build Order

ThinkFaster Terran 

Build Orders: Cyclone Opening, Mech 

Get SALT Encoding   

  12  0:03  SCV  
  13  0:18  Supply Depot  
  13  0:19  SCV  
  14  0:33  SCV  
  15  0:42  Barracks  
  15  0:45  SCV  
  15  0:47  Refinery  
  16  0:57  SCV  
  17  1:07  Refinery  
  17  1:09  SCV  
  18  1:21  SCV  
  19  1:32  Barracks Reactor  
  19  1:33  Orbital Command  
  19  1:41  Supply Depot  
  19  1:52  Factory  
  19  1:58  SCV  
  20  2:09  Supply Depot  
  20  2:19  Barracks Reactor  
  20  2:21  Factory  
  20  2:25  SCV  
  22  2:37  SCV  
  22  2:44  Cyclone  
  25  2:49  SCV  
  26  3:01  SCV  
  27  3:14  Command Center  
  27  3:15  Cyclone  
  30  3:23  Cyclone  
  30  3:27  SCV  
  34  3:38  Cyclone  
  37  3:48  SCV  
  38  4:10  Cyclone  
  38  4:12  Supply Depot  
  38  4:14  Supply Depot  
  41  4:20  SCV  
  41  4:23  Cyclone  
  45  4:30  Orbital Command  
  45  4:32  SCV  
  45  4:35  Cyclone  
  49  4:44  SCV  
  50  4:49  Cyclone  
  53  4:56  SCV  
  50  5:22  Cyclone  
  50  5:37  Cyclone  
  41  5:53  Cyclone  
  41  5:54  Orbital Command  
  35  6:06  Refinery, Cyclone  
  35  6:08  Refinery  
  35  6:10  SCV  
  39  6:16  Widow Mine x2  
  43  6:22  SCV x2  
  43  6:24  Widow Mine  
  47  6:34  SCV x2  
  47  6:37  Command Center  
  49  6:46  SCV  
  49  6:47  SCV  
  51  6:56  Command Center  
  51  6:58  SCV  
  51  6:59  SCV  
  53  7:10  SCV  
  53  7:11  SCV  
  55  7:19  Factory Tech Lab  
  55  7:22  SCV  
  56  7:23  SCV, Factory Tech Lab  
  56  7:28  Factory  
  57  7:32  Factory  
  57  7:35  SCV  
  58  7:43  Armory  
  58  7:44  Armory  
  58  7:45  Siege Tank x2  
  58  7:47  SCV  
  58  7:50  SCV  
  66  7:59  Orbital Command, SCV  
  66  8:02  SCV  
  68  8:10  Orbital Command  
  68  8:11  SCV  
  69  8:14  SCV  
  69  8:17  Siege Tank x2  
  69  8:18  Hellion x4  
  84  8:22  Infernal Pre-Igniter  
  84  8:31  Orbital Command, SCV  
  85  8:39  Hellion x2  
  89  8:49  Siege Tank x2  
  95  9:13  Refinery  
  95  9:15  Refinery  
  95  9:28  SCV  
  95  9:30  SCV  
  97  9:35  Siege Tank x2  
  103  9:40  SCV  
  103  9:42  SCV  
  103  9:54  Hellion  
  103  9:55  Hellion  
  107  10:15  Siege Tank x2  
  107  10:16  Hellion x4  
  114  10:23  SCV  
  114  10:24  SCV  
  114  10:27  Engineering Bay  
  116  10:32  SCV x2  
  116  10:35  SCV  
  119  10:36  SCV  
  119  10:37  Terran Ship Weapons Level 1, Hellion, Terran Vehicle Weapons Level 1  
  122  10:44  SCV x2  
  124  10:52  Supply Depot  
  124  10:54  Supply Depot  
  124  10:56  Supply Depot x2  
  124  10:57  Supply Depot  
  124  11:00  Supply Depot  
  124  11:14  SCV, Siege Tank x2  
  124  11:16  SCV x2, Hellion x2  
  137  11:28  SCV  
  137  11:30  SCV  
  139  11:37  Sensor Tower  
  139  11:38  Sensor Tower, Command Center, Hellion x2  
  143  11:40  Orbital Command, SCV  
  143  11:46  Hellion x2  
  138  11:57  Cyclone x2  
  138  11:59  Cyclone x2  
  150  12:06  Sensor Tower  
  150  12:07  Cyclone x2  
  156  12:35  Refinery  
  154  12:38  Refinery  
  154  12:42  Hellion x2  
  154  12:43  Hellion x4  
  138  13:03  Hellion  
  138  13:04  Hellion x5  
  98  13:44  Cyclone x5  
  98  13:45  Cyclone  
  98  14:01  SCV  
  87  14:03  SCV  
  87  14:07  Planetary Fortress  
  89  14:10  SCV  
  89  14:13  SCV  
  89  14:16  SCV, Cyclone x4  
  103  14:22  SCV  
  104  14:25  SCV  
  104  14:28  SCV  
  106  14:34  SCV  
  106  14:37  SCV  
  108  14:40  SCV  
  101  14:46  SCV  
  101  14:49  SCV  
  101  14:50  Cyclone x3  
  101  14:51  Hellion x3  
  101  14:52  SCV  
  115  14:58  SCV  
  116  15:12  Hellion x3  
  122  15:22  Hellion x3  
  119  15:33  Hellion x2  
  119  15:34  Hellion  
  124  15:35  Refinery  
  124  15:44  Hellion x3  
  130  15:54  Terran Vehicle Weapons Level 2  
  130  15:55  Hellion x3  
  136  16:00  Terran Vehicle And Ship Armor Level 1  
  136  16:05  Hellion x3  
  142  16:16  Hellion x3  
  142  16:17  Command Center  
  148  16:21  Command Center  
  148  16:26  Hellion x2, Cyclone  
  155  16:37  Cyclone x3  
  153  16:47  Cyclone  
  153  16:48  Cyclone  
  157  17:09  Siege Tank  
  157  17:10  Siege Tank  
  143  17:42  Siege Tank x2  
  149  17:44  Planetary Fortress  
  149  17:49  Hellion x3  
  149  17:50  Hellion  
  157  17:53  Refinery  
  157  17:54  Refinery  
  157  18:10  Hellion  
  157  18:11  Hellion x3  
  165  18:14  Siege Tank x2  
  171  18:29  Command Center  
  171  18:31  Command Center  
  171  18:32  Command Center, Hellion x4  
  179  18:35  Command Center  
  179  18:41  Hellion x24  
  179  18:46  Siege Tank x2  
  183  18:53  Hellion  
  183  18:54  Hellion, Terran Vehicle And Ship Armor Level 2  
  183  18:55  Terran Vehicle Weapons Level 3  
  187  19:03  Orbital Command  
  187  19:23  Hellion  
  187  19:35  SCV  
  187  19:37  Hellion x5  
  184  19:43  Hellion x8  
  184  19:44  Hellion  
  174  19:56  Starport  
  174  19:58  Starport, Hellion x3  
  174  19:59  Hellion x2  
  174  20:01  Starport  
  174  20:05  Siege Tank  
  150  20:19  Hellion, Siege Tank  
  150  20:20  Hellion x2  
  159  20:30  Missile Turret  
  159  20:31  Missile Turret x2  
  159  20:32  Missile Turret  
  159  20:33  Missile Turret x3  
  159  20:34  Missile Turret  
  157  20:36  Missile Turret  
  115  21:04  Cyclone x4  
  115  21:05  Cyclone x2  
  98  21:26  Starport Reactor x3  
  90  21:36  Cyclone x3  
  90  21:37  Cyclone x3  
  79  22:06  Viking x6  
  86  22:08  Cyclone x2  
  86  22:09  Cyclone, Siege Tank x2  
  87  22:30  Cyclone  
  87  22:36  Viking x4  
  92  22:40  Cyclone  
  92  22:41  Cyclone x2  
  74  23:14  Cyclone x2  
  74  23:15  Cyclone x2  
  79  23:48  Cyclone  
  79  23:49  Cyclone  
  79  24:05  Cyclone  
Show
View Real Time Build Order
Export as new Build Order

Adapt Zerg - Winner!

Build Orders: Hatch First, Swarm Host 

Get SALT Encoding   

  12  0:01  Drone  
  13  0:12  Overlord  
  13  0:18  Drone  
  14  0:31  Drone x2  
  14  0:34  Drone  
  17  0:53  Hatchery  
  17  0:56  Drone  
  17  0:58  Extractor  
  17  1:02  Drone  
  17  1:17  Spawning Pool  
  16  1:21  Drone  
  16  1:23  Drone  
  18  1:27  Drone  
  19  1:38  Drone  
  20  1:49  Drone  
  21  2:00  Overlord  
  21  2:04  Metabolic Boost  
  21  2:05  Queen  
  23  2:09  Queen  
  23  2:12  Zergling x2  
  26  2:16  Zergling x2  
  26  2:18  Zergling x2  
  26  2:21  Drone  
  29  2:28  Drone  
  30  2:37  Drone x2  
  32  2:50  Drone  
  33  2:51  Drone  
  33  2:52  Hatchery  
  33  3:02  Roach Warren  
  32  3:07  Drone x3  
  32  3:09  Drone  
  36  3:16  Overlord  
  36  3:26  Overlord  
  36  3:34  Queen  
  36  3:37  Queen  
  36  3:39  Drone x4  
  44  3:43  Extractor  
  44  3:44  Extractor  
  44  3:48  Zergling x4  
  43  3:53  Overlord  
  43  3:54  Overlord  
  44  4:05  Spine Crawler  
  44  4:08  Evolution Chamber  
  44  4:09  Drone  
  43  4:10  Drone x2  
  43  4:15  Queen  
  47  4:22  Queen  
  49  4:26  Roach  
  49  4:29  Overlord  
  51  4:34  Overlord  
  51  4:37  Drone  
  52  4:45  Zergling x8  
  54  4:56  Zergling x10  
  54  5:08  Zergling x12  
  54  5:13  Zergling x4  
  54  5:25  Zergling x4  
  54  5:26  Zergling x8  
  55  5:29  Zergling x2  
  55  5:33  Zergling x4  
  55  5:34  Zergling x2  
  53  5:41  Zergling x6  
  53  5:42  Zergling x2  
  55  5:49  Zergling x2  
  51  5:52  Zergling x2  
  51  5:53  Zergling x2  
  52  5:58  Drone  
  52  6:04  Spore Crawler  
  52  6:06  Spore Crawler, Drone x2  
  52  6:09  Drone  
  53  6:12  Drone  
  53  6:14  Spine Crawler  
  53  6:25  Lair, Drone  
  54  6:26  Drone x3  
  54  6:30  Drone  
  54  6:31  Drone  
  54  6:32  Drone  
  60  6:35  Drone  
  61  6:40  Drone  
  61  6:42  Drone  
  61  6:43  Drone x2  
  65  6:48  Zergling x2  
  66  7:00  Baneling Nest  
  65  7:02  Zerg Ground Armor Level 1  
  65  7:03  Drone  
  65  7:04  Drone x4  
  65  7:07  Evolution Chamber  
  69  7:18  Pneumatized Carapace  
  69  7:32  Extractor x2  
  67  7:37  Drone  
  67  7:38  Drone x11  
  67  7:39  Infestation Pit  
  78  7:44  Centrifical Hooks  
  78  7:47  Extractor, Baneling x4  
  77  7:52  Zergling x6  
  80  8:00  Spore Crawler, Drone x3  
  80  8:03  Overlord x2  
  82  8:12  Hatchery  
  81  8:26  Roach  
  81  8:27  Roach x7  
  97  8:28  Glial Reconstitution  
  97  8:29  Overlord  
  97  8:33  Zerg Melee Weapons Level 1  
  97  8:47  Drone  
  96  9:06  Queen  
  98  9:18  Extractor, Hatchery  
  98  9:19  Drone x2  
  98  9:20  Overlord  
  98  9:21  Overlord x7  
  98  9:22  Extractor  
  97  9:25  Baneling  
  97  9:26  Baneling x3  
  97  9:41  Evolution Chamber  
  97  9:42  Baneling  
  97  9:43  Baneling x13  
  96  10:02  Zergling x20  
  96  10:03  Zergling x4  
  108  10:18  Swarm Host  
  108  10:19  Swarm Host x3  
  118  10:22  Queen  
  118  10:26  Drone x2  
  118  10:27  Drone x2  
  118  10:28  Drone  
  125  10:29  Drone  
  126  10:41  Swarm Host  
  126  10:42  Swarm Host x6  
  147  10:48  Spire  
  147  10:49  Zerg Melee Weapons Level 2, Zerg Missile Weapons Level 1, Zerg Ground Armor Level 2  
  146  10:51  Zergling x4  
  148  11:07  Drone  
  148  11:08  Nydus Network, Drone  
  148  11:10  Queen  
  151  11:15  Hydralisk Den  
  151  11:16  Swarm Host  
  151  11:17  Swarm Host x2  
  159  11:20  Zergling x4  
  159  11:24  Zergling x4  
  163  11:26  Baneling x2  
  163  11:27  Baneling x2  
  162  11:55  Baneling x2  
  162  12:01  Baneling x4  
  162  12:03  Burrow  
  162  12:10  Baneling x2  
  162  12:18  Zerg Flyer Weapons Level 1  
  162  12:31  Zergling x2  
  162  12:32  Zergling x24  
  148  12:56  Zergling x10  
  148  12:57  Zergling x28  
  142  13:01  Zergling x2  
  142  13:02  Zergling x12  
  145  13:09  Zergling x12  
  151  13:17  Baneling  
  151  13:18  Baneling x7  
  151  13:21  Zergling x2  
  151  13:22  Zergling x8  
  136  13:30  Zergling x10  
  133  13:40  Nydus Network  
  124  13:57  Zergling x18  
  124  13:58  Zergling x8  
  124  14:00  Drone  
  124  14:01  Drone  
  124  14:02  Drone x2  
  138  14:03  Drone  
  137  14:37  Extractor, Nydus Canal, Hatchery  
  135  14:40  Extractor  
  135  14:44  Extractor  
  135  14:45  Hatchery  
  130  14:46  Extractor  
  130  14:50  Hydralisk  
  130  14:51  Hydralisk x5  
  139  15:16  Hive  
  139  15:23  Muscular Augments, Hydralisk x5  
  139  15:27  Zergling x2  
  139  15:28  Zergling x2  
  151  15:35  Zergling x4  
  153  15:46  Nydus Canal  
  153  15:55  Drone x8  
  161  16:09  Overseer x2  
  161  16:10  Overseer x2  
  147  16:51  Drone x4  
  147  16:52  Drone x6  
  157  16:56  Baneling  
  157  16:57  Baneling x3  
  157  17:03  Drone x2  
  157  17:04  Drone x5  
  157  17:05  Drone  
  157  17:07  Greater Spire  
  165  17:09  Corruptor x5  
  172  17:27  Overlord x6  
  172  17:48  Corruptor x2  
  172  17:49  Corruptor x4  
  184  17:52  Baneling  
  184  17:53  Baneling x9  
  184  17:56  Nydus Canal  
  184  19:01  Overlord x5  
  184  19:02  Overlord x2  
  184  19:07  Nydus Canal  
  179  19:36  Brood Lord x9  
  179  19:37  Brood Lord x2  
  185  19:43  Drone x3  
  185  19:44  Drone x4  
  176  20:00  Hydralisk x9  
  176  20:01  Hydralisk x3  
  197  20:24  Extractor  
  197  20:25  Hatchery  
  195  20:29  Extractor  
  187  20:56  Zergling x2  
  184  20:57  Zergling x30  
  184  21:02  Adrenal Glands, Overseer x4  
  184  21:03  Zerg Missile Weapons Level 2  
  184  21:04  Zerg Melee Weapons Level 3, Zerg Ground Armor Level 3  
  199  21:30  Nydus Canal  
  182  22:43  Nydus Canal  
  178  22:44  Zergling x2  
  178  22:45  Zergling x36  
  178  22:46  Zergling x12  
  195  23:16  Hatchery  
  171  23:41  Corruptor  
  171  23:42  Corruptor x13  
Tags
 
Add a new tag
Caveats
  • Supply blocks, unpowered buildings, or Contaminate may cause inaccurate times.
  • Supply counts are checked every 10 seconds.